 Dungeon Crawl Stone Soup version 0.30-a0-1043-g60ff8d5f49 (webtiles) character file.

Game seed: 771046377450658127

121 BlueFish the Ducker (level 5, -6/36 HPs)
             Began as an Octopode Fighter on Apr 10, 2023.
             Blown up by Ijyb (15 damage)
             ... with a mindburst bolt
             ... on level 3 of the Dungeon.
             The game lasted 00:07:18 (2387 turns).

BlueFish the Ducker (Octopode Fighter)              Turns: 2387, Time: 00:07:18

Health: -6/36      AC:  1    Str: 23    XL:     5   Next: 5%
Magic:  6/6        EV: 13    Int: 10    God:
Gold:   127        SH:  4    Dex: 12    Spells: 6/6 levels left

rFire   . . .      SeeInvis .      - Unarmed
rCold   . . .      Faith    .    a - +0 buckler
rNeg    . . .      Spirit   .    k - +0 hat
rPois   .          Reflect  .    (no amulet)
rElec   .          Rampage  .    f - +6 ring of strength
rCorr   .                        (no ring)
Will    .....                    (no ring)
Stlth   +++                      (no ring)
HPRegen 0.26/turn                (no ring)
MPRegen 0.10/turn                (no ring)
                                 (no ring)
                                 (no ring)

@: no status effects
A: almost no armour, amphibious, 8 rings, camouflage 1, gelatinous body 1,
(nimble swimmer 1), tentacles
a: no special abilities


You were on level 3 of the Dungeon.
You visited 1 branch of the dungeon, and saw 3 of its levels.

You collected 127 gold pieces.

Inventory:

Missiles
 d - 15 stones (quivered)
 o - 9 poisoned darts
Armour
 a - a +0 buckler (worn)
 k - a +0 hat (worn)
Jewellery
 f - a +6 ring of strength (left tentacle)
 i - an amulet of magic regeneration
Scrolls
 c - 2 scrolls of fear {unknown}
 e - a scroll of vulnerability {unknown}
 h - 4 scrolls of magic mapping
 j - 2 scrolls of teleportation {unknown}
 l - 3 scrolls of identify {unknown}
 n - a scroll of torment {unknown}
Potions
 b - a potion of might
 g - a potion of lignification {unknown}
 m - a potion of flight {unknown}
 p - a potion of heal wounds {unknown}
 q - a potion of curing {unknown}
 r - a potion of haste {unknown}
 s - a potion of ambrosia {unknown}


   Skills:
 + Level 3.3 Fighting
 + Level 1.0 Throwing
 + Level 3.3 Dodging
 * Level 3.3 Stealth
 + Level 3.3 Shields
 + Level 2.5 Unarmed Combat
 + Level 1.2 Spellcasting


You had 6 spell levels left.
You didn't know any spells.
Your spell library was empty.

Dungeon Overview and Level Annotations

Branches:
Dungeon (3/15)

Altars:
Trog

Annotations:
D:3 Ijyb


Innate Abilities, Weirdness & Mutations

You cannot wear most types of armour.
You are amphibious.
You can wear up to eight rings at the same time.
Your skin changes colour to match your surroundings (Stealth+).
Your rubbery body absorbs attacks. (AC +1, EV +1)
((You are camouflaged when in or above water. (Stealth+)))
You have tentacles for arms and can constrict up to eight enemies at once.


Message History

The frilled lizard completely misses you.
The frilled lizard barely misses you.
You miss the frilled lizard. You grab the frilled lizard.
You constrict the frilled lizard.
You kill the frilled lizard!
You see here a rat corpse.
s - a fuming white potion You now have 127 gold pieces (gained 10).
l - 3 scrolls labelled GYMEME PANKU (gained 1)
o - 9 poisoned darts (gained 6)
A hobgoblin comes into view.
The hobgoblin shouts!
You tentacle-slap the hobgoblin. Your grab misses the hobgoblin.
Your squeeze misses the hobgoblin.
The hobgoblin is almost dead.
The hobgoblin closely misses you.
You tentacle-slap the hobgoblin.
You kill the hobgoblin!
You see here a hobgoblin corpse.
h - 4 scrolls of magic mapping (gained 1)
Found a stone staircase leading up.
Ijyb the Twisted Goblin comes into view.
She is wielding a +0 club and carrying a wand of mindburst (8).
Ijyb shouts!
Ijyb hits you but does no damage.
You tentacle-slap Ijyb but do no damage.
You grab Ijyb. You constrict Ijyb, but do no damage.
Ijyb zaps a wand.
Your mind is blasted!
Ouch! That really hurt!
You tentacle-slap Ijyb. You squeeze Ijyb, but do no damage.
Ijyb is moderately wounded.
You constrict Ijyb. Ijyb closely misses you.
You tentacle-slap Ijyb but do no damage.
You squeeze Ijyb.
Ijyb is heavily wounded.
You constrict Ijyb.
Ijyb zaps a wand.
Your mind is blasted!
* * * LOW HITPOINT WARNING * * *
You tentacle-slap Ijyb but do no damage.
Ijyb is severely wounded.
You constrict Ijyb.
Ijyb zaps a wand.
Your mind is blasted!
You die...

#.........###†#...##
#####.##### ##..###
#####.##### ##+#
#.........# ##...##
#.###.###.###.....##
#.###.###.##.......##
..###.<....##.#.........#
..............+.........'
##..g@.....#.........#
##.##.######.......## #.
### ##....>## #. ##...##
.. ##'## g. #.# ... #.#
... ##.## ##...##


You could see Ijyb.

Vanquished Creatures
  An orc priest (D:3)
  A gnoll (D:1)
  An adder (D:2)
  A dart slug (D:2)
  7 orcs (D:3)
  3 ball pythons
  3 bats (D:1)
  An endoplasm (D:2)
  3 giant cockroaches
  4 goblins
  7 hobgoblins
  8 jackals
  7 quokkas
  4 frilled lizards
  2 kobolds (D:1)
  4 rats
57 creatures vanquished.

Notes
Turn   | Place    | Note
-------+----------+-------------------------------------------
     0 | D:1      | BlueFish the Octopode Fighter began the quest for the Orb.
     0 | D:1      | Reached XP level 1. HP: 16/16 MP: 1/1
    10 | D:1      | Found a faded altar of an unknown god.
   149 | D:1      | Reached skill level 1 in Stealth
   149 | D:1      | Reached XP level 2. HP: 19/21 MP: 2/2
   478 | D:1      | Reached XP level 3. HP: 22/26 MP: 3/3
  1378 | D:2      | Reached skill level 1 in Spellcasting
  1605 | D:2      | Found a bloodstained altar of Trog.
  1611 | D:2      | Reached XP level 4. HP: 22/31 MP: 5/5
  1900 | D:3      | Reached skill level 1 in Throwing
  1988 | D:3      | Identified the +5 short sword "Esugh" {drain, rPois rC+
                  | Str-5}
  2143 | D:3      | Reached XP level 5. HP: 36/36 MP: 6/6
  2377 | D:3      | Noticed Ijyb
  2387 | D:3      | Blown up by Ijyb

Illustrated notes

Levels and vault maps discovered:
D:1:      minmay_arrival_stone_box, layout_basic,
          hellmonk_ecumenical_altar_inner_sanctum
D:2:      minmay_door_path, layout_loops_ring, basic_altar, serial_glass,
          glass_columns_a, glass_columns_c, glass_columns_a, glass_columns_c,
          glass_columns_a, glass_columns_b, glass_columns_a, glass_columns_a,
          glass_columns_c, glass_columns_b, feat_on_display, feat_on_display,
          feat_on_display, minmay_misc_feat_encased
D:3:      layout_loops_corners, uniq_ijyb

Skill      XL: |  1  2  3  4 |
---------------+-------------+-----
Stealth        | 1 2 3 |  3.3
Spellcasting   | 1 |  1.2
Throwing       | 1 |  1.0
Fighting       | |  3.3
Dodging        | |  3.3
Shields        | |  3.3
Unarmed Combat | |  2.5

Action                     |  1- 3 |  4- 6 || total
---------------------------+-------+-------++-------
  Melee: Unarmed           |    86 |    47 ||   133
         Constrict         |    27 |    15 ||    42
         Tentacles         |    18 |    11 ||    29
         Punch             |     1 |       ||     1
  Throw: Stone             |     2 |       ||     2
    Use: Scroll            |     1 |       ||     1
   Stab: Sleeping          |    10 |     2 ||    12
         Distracted        |       |     1 ||     1
 Armour: Skin              |     2 |     1 ||     3
  Dodge: Dodged            |    37 |    24 ||    61
  Block: Buckler           |    14 |     6 ||    20

Table legend: (Time is in decaauts)
 A = Elapsed time spent in this place.
 B = Non-inter-level travel time spent in this place.
 C = Inter-level travel time spent in this place.
 D = Time resting spent in this place.
 E = Time spent auto-exploring this place.
 F = Levels seen in this place.
 G = Mean time per level.
                   A        B        C        D        E       F      G
               +--------+--------+--------+--------+--------+-----+--------+
         Total |   2386 |   2348 |     38 |      5 |   1866 |   3 |  795.3 |
       Dungeon |   2386 |   2348 |     38 |      5 |   1866 |   3 |  795.3 |
               +--------+--------+--------+--------+--------+-----+--------+

Top non-repeatable levels by time:
     D:1: 1064 daAuts
     D:2: 770 daAuts
     D:3: 551 daAuts
